 Dungeon Crawl Stone Soup version 0.23.2-1-ga50397a (webtiles) character file.

Game seed: 5909852484003065139

4819 Kelebron the Archer (level 10, -2/76 HPs)
             Began as a Human Wanderer on May 8, 2019.
             Was a Believer of Elyvilon.
             Slain by a bullfrog (3 damage)
             ... on level 8 of the Dungeon on May 9, 2019.
             The game lasted 01:37:46 (13142 turns).

Kelebron the Archer (Human Wanderer)               Turns: 13142, Time: 01:37:50

Health: -2/76      AC: 19    Str: 12    XL:     10   Next: 77%
Magic:  10/10      EV:  5    Int: 16    God:    Elyvilon [**....]
Gold:   401        SH: 15    Dex: 15    Spells: 9/9 levels left

rFire    . . .     SeeInvis .   g - +2 falchion (freeze)
rCold    + + .     Gourm    .   d - +0 shield
rNeg     . . .     Faith    .   y - +2 chain mail {rC+}
rPois    .         Spirit   .   (no helmet)
rElec    .         Reflect  +   (no cloak)
rCorr    .         Harm     .   z - +0 pair of gloves
MR       .....                  A - +0 pair of boots
Stlth    ..........             C - +6 amulet of reflection
HPRegen  0.22/turn              x - +4 ring of protection
MPRegen  0.12/turn              w - ring of protection from cold

@: lethally poisoned (-2 -> -41)
A: clever 1, subdued magic 1
a: Lesser Healing, Heal Other, Divine Protection, Renounce Religion


You were on level 8 of the Dungeon.
You worshipped Elyvilon.
Elyvilon was pleased with you.
You were hungry.

You visited 2 branches of the dungeon, and saw 9 of its levels.

You collected 401 gold pieces.

Inventory:

Hand Weapons
 a - a +4 shortbow
 g - a +2 falchion of freezing (weapon)
 h - a +3 dagger
 m - a +0 hand crossbow
 o - a +1 hand axe of freezing
 E - a +2 hand axe of flaming
Missiles
 b - 110 arrows
Armour
 c - a +1 ring mail
 d - a +0 shield (worn)
 u - the +2 leather armour of Protective Custody {+Fly Regen+ Str+6 Dex-3}
   (You found it on level 6 of the Dungeon)

   It affects your strength (+6).
   It affects your dexterity (-3).
   It lets you fly.
   It increases your rate of regeneration.
 y - a +2 chain mail of cold resistance (worn)
 z - a +0 pair of gloves (worn)
 A - a +0 pair of boots (worn)
 H - a +0 plate armour
Jewellery
 i - an uncursed ring of protection from magic
 w - a ring of protection from cold (right hand)
 x - a +4 ring of protection (left hand)
 C - a +6 amulet of reflection (around neck)
 G - a +6 amulet of reflection
Wands
 n - a wand of scattershot (6)
Scrolls
 e - 8 scrolls of remove curse
 k - 4 scrolls of identify
 s - 3 scrolls of teleportation
 t - 5 scrolls of immolation {unknown}
 v - a scroll of blinking {unknown}
 B - a scroll of fog
 D - a scroll of enchant weapon
Potions
 j - 2 potions of haste
 l - a potion of flight
 p - a potion of lignification {unknown}
 r - 2 potions of mutation
Comestibles
 f - 10 rations
 q - a chunk of flesh


   Skills:
 + Level 6.2 Fighting
 + Level 5.2 Long Blades
 + Level 9.4 Bows
 + Level 7.8 Armour
 + Level 2.8 Dodging
 + Level 0.9 Stealth
 + Level 5.2 Shields


You had 9 spell levels left.
You didn't know any spells.
Your spell library contained the following spells:

 Spells                   Type           Power        Failure   Level  Hunger
 Magic Dart               Conj           #...         100%        1    ##.....
 Sandblast                Erth           #.....       100%        1    ##.....
 Passwall                 Tmut/Erth      #.......     100%        2    ###....
 Searing Ray              Conj           #.....       100%        2    ###....
 Dazzling Spray           Conj/Hex       #.....       100%        3    ####...
 Stone Arrow              Conj/Erth      #.....       100%        3    ####...
 Force Lance              Conj/Tloc      #.......     100%        4    #####..
 Fulminant Prism          Conj/Hex       #.........   100%        4    #####..
 Iskenderun's Mystic Bla  Conj           #.......     100%        4    #####..
 Petrify                  Tmut/Erth      #.......     100%        4    #####..
 Lee's Rapid Deconstruct  Erth           #.........   100%        5    ######.


Dungeon Overview and Level Annotations

Branches:
Dungeon (8/15)             Temple (1/1) D:5
   Lair: D:8-11

Altars:
Ashenzari
Cheibriados
Dithmenos
Elyvilon
Fedhas
Gozag
Hepliaklqana
Kikubaaqudgha
Makhleb
Nemelex Xobeh
Okawaru
Qazlal
Ru
Sif Muna
Trog
Uskayaw
Vehumet
Wu Jian
Xom
Yredelemnul
Zin

Annotations:
D:3 Edmund
D:4 3 runed translucent doors, Mrkaede's ghost, amateur DsFi


Innate Abilities, Weirdness & Mutations

Your mind is acute. (Int +2)
Your spells are a little easier to cast, but a little less powerful.


Message History

You block the hornet's attack. The orc hits you but does no damage.
Your surroundings suddenly seem different.
* * * LOW HITPOINT WARNING * * *
You feel very sick.
An orc wizard comes into view. It is wielding a +0 dagger.
The orc wizard shouts!
A bullfrog comes into view.
The bullfrog croaks.
A jackal comes into view.
The jackal barks!
A killer bee comes into view.
The killer bee buzzes angrily.
A killer bee comes into view.
The killer bee buzzes angrily.
A killer bee comes into view.
The killer bee buzzes angrily.
You hear two shouts!
You hear a shout! x2
You hear a chilling moan.
A killer bee comes into view.
The bullfrog hits you.
You die...

..# ..# ..# .##
## # ## ###.###
#.....# #o.yF@#
....hy..#
..#...yy#
#.....# #
####### ##
#.... .##
#.....
..#######...#
#...........#..


You could see a bullfrog, 4 killer bees, an orc wizard and a jackal.

Vanquished Creatures
  Pikel (D:4)
  Joseph (D:8)
  The ghost of arctice the Sneak, a novice OpFi (D:7)
  A troll (D:7)
  Grinder (D:3)
  A hippogriff (D:7)
  An orc warrior (D:8)
  A phantom (D:6)
  A necrophage (D:7)
  2 ice beasts
  4 slaves (D:3)
  6 ogres
  4 centaurs
  5 bullfrogs
  A wyvern skeleton (D:6)
  A scorpion (D:6)
  3 wights (D:7)
  3 howler monkeys
  4 crimson imps
  2 quasits
  An orc priest (D:7)
  A bullfrog zombie (D:7)
  3 hounds
  2 centaur skeletons
  2 bullfrog skeletons
  9 orc wizards
  Ijyb (D:3)
  2 iguanas
  5 worker ants
  A killer bee zombie (D:7)
  2 hound skeletons
  A howler monkey skeleton (D:5)
  3 gnolls (D:6)
  5 adders
  3 shadow imps
  An adder skeleton (D:4)
  An adder zombie (D:7)
  7 leopard geckos
  32 orcs
  A ball python (D:3)
  5 giant cockroaches
  9 goblins
  10 hobgoblins
  8 jackals
  7 quokkas
  11 bats
  3 frilled lizards
  7 kobolds
  A leopard gecko skeleton (D:5)
  A quokka skeleton (D:5)
  7 rats
196 creatures vanquished.

Vanquished Creatures (others)
  A centaur (D:8)
  A quokka (D:5)
  3 fungi (D:4)
  A plant (D:4)
6 creatures vanquished.

Grand Total: 202 creatures vanquished

Notes
Turn   | Place    | Note
-------+----------+-------------------------------------------
     0 | D:1      | Kelebron the Human Wanderer began the quest for the Orb.
     0 | D:1      | Kelebron set off with the following items: a +2 shortbow,
                  | 28 arrows, a +0 ring mail, a +0 shield, a ration
     0 | D:1      | Reached XP level 1. HP: 18/18 MP: 1/1
    96 | D:1      | Reached XP level 2. HP: 15/24 MP: 2/2
   478 | D:1      | Reached XP level 3. HP: 29/29 MP: 3/3
   802 | D:1      | Reached skill level 3 in Bows
  1000 | D:2      | Reached XP level 4. HP: 35/35 MP: 4/4
  1180 | D:2      | Found a hide-covered altar of Uskayaw.
  1649 | D:2      | Found an iron altar of Okawaru.
  1752 | D:2      | Gained mutation: Your spells are a little easier to cast,
                  | but a little less powerful. [potion of mutation]
  1752 | D:2      | Gained mutation: Your mind is acute. (Int +2) [potion of
                  | mutation]
  2002 | D:3      | Noticed Grinder
  2039 | D:3      | Killed Grinder
  2039 | D:3      | Reached skill level 4 in Bows
  2039 | D:3      | Reached XP level 5. HP: 15/42 MP: 5/5
  2039 | D:3      | Reached XP level 6. HP: 17/48 MP: 6/6
  2559 | D:3      | Noticed Ijyb
  2567 | D:3      | Killed Ijyb
  2567 | D:3      | Reached skill level 5 in Bows
  2567 | D:3      | Reached skill level 1 in Dodging
  2610 | D:3      | Found a blossoming altar of Fedhas.
  3438 | D:4      | Reached XP level 7. HP: 53/53 MP: 7/7
  3579 | D:4      | Noticed Edmund
  3579 | D:4      | Noticed Pikel
  5207 | D:4      | Killed Pikel
  5207 | D:4      | Reached skill level 7 in Bows
  5207 | D:4      | Reached skill level 5 in Armour
  5207 | D:4      | Reached XP level 8. HP: 60/60 MP: 8/8
  5758 | D:4      | Found a runed translucent gate.
  5758 | D:4      | Found a runed translucent gate.
  5758 | D:4      | Found a runed translucent gate.
  5759 | D:4      | Identified the cursed +1 whip "Lifebane" {venom, Str+4}
  5760 | D:4      | Noticed Mrkaede's ghost (amateur DsFi)
  5962 | D:5      | Entered Level 5 of the Dungeon
  6478 | D:5      | Found a white marble altar of Elyvilon.
  6641 | D:5      | Found a staircase to the Ecumenical Temple.
  6741 | D:5      | Found an iron altar of Okawaru.
  6751 | D:5      | Found an ornate altar of the Wu Jian Council.
  6775 | D:5      | Found a snail-covered altar of Cheibriados.
  6968 | D:5      | Found a deep blue altar of Sif Muna.
  7169 | D:5      | Reached skill level 8 in Bows
  7801 | Temple   | Entered the Ecumenical Temple
  8415 | D:5      | Became a worshipper of Elyvilon the Healer
  8479 | D:6      | Reached XP level 9. HP: 44/67 MP: 9/9
  8486 | D:6      | Reached skill level 5 in Fighting
  8686 | D:6      | Reached skill level 9 in Bows
  8785 | D:6      | Found a shattered altar of Ashenzari.
  8862 | D:6      | Found a sparkling altar of Nemelex Xobeh.
  9244 | D:6      | Got a faintly glowing leather armour
  9271 | D:6      | Identified the +2 leather armour of Protective Custody
                  | {+Fly Regen+ Str+6 Dex-3} (You found it on level 6 of the
                  | Dungeon)
  9510 | D:6      | Found a shimmering altar of Xom.
  9512 | D:6      | Found a shimmering altar of Xom.
  9513 | D:6      | Found a shimmering altar of Xom.
  9594 | D:6      | Reached * piety under Elyvilon
  9689 | D:6      | Found a bloodstained altar of Trog.
  9696 | D:6      | Found a hazy altar of Hepliaklqana.
  9816 | D:7      | Noticed a hippogriff
  9833 | D:7      | Killed a hippogriff
  9833 | D:7      | Reached skill level 1 in Long Blades
 10487 | D:7      | Found Watoxobi's Gadget Boutique.
 10595 | D:7      | Reached XP level 10. HP: 74/76 MP: 10/10
 10689 | D:7      | Noticed arctice's ghost (novice OpFi)
 10709 | D:7      | Found a runed translucent door.
 10745 | D:7      | Killed arctice's ghost
 12005 | D:7      | Reached ** piety under Elyvilon
 12237 | D:8      | Noticed Joseph
 12255 | D:8      | Killed Joseph
 12772 | D:7      | Reached skill level 5 in Long Blades
 12772 | D:7      | Reached skill level 5 in Shields
 13055 | D:8      | Identified the +5 hunting sling of War {velocity, Int+4}
 13131 | D:8      | Paralysed by a hornet for 2 turns
 13137 | D:8      | Paralysed by a hornet for 2 turns
 13142 | D:8      | HP: 1/76 [poisoned by an orc wizard]
 13142 | D:8      | Slain by a bullfrog

Skill      XL: |  1  2  3  4  5  6  7  8  9 10 |
---------------+-------------------------------+-----
Bows           | 3 4 5 7 8 9 |  9.4
Armour         | 4 5 6 7 |  7.8
Dodging        | 1 2 |  2.8
Fighting       | 4 5 6 |  6.2
Long Blades    | 2 5 |  5.2
Shields        | 3 5 |  5.2
Stealth        | |  0.9

Action                   |  1- 3 |  4- 6 |  7- 9 | 10-12 || total
-------------------------+-------+-------+-------+-------++-------
Melee: Long sword        |       |     9 |       |       ||     9
       Shortbow          |       |     1 |       |       ||     1
       Falchion          |       |       |   155 |   258 ||   413
 Fire: Shortbow          |   115 |   104 |   356 |       ||   575
  Use: Potion            |     2 |    10 |     1 |     3 ||    16
       Scroll            |     5 |     4 |     3 |     3 ||    15
  Eat: Chunk             |       |     3 |     6 |     5 ||    14
       Ration            |       |     2 |     4 |     1 ||     7
Armor: Ring mail         |    44 |    33 |    27 |       ||   104
       Chain mail        |       |       |   196 |   133 ||   329
Dodge: Dodged            |    60 |    33 |   146 |    39 ||   278
Block: Shield            |       |       |   127 |   224 ||   351
       Other             |       |       |     7 |       ||     7
       Reflection        |       |       |       |    12 ||    12
       Rpst.: Falchion   |       |       |    11 |     7 ||    18
